 Dungeon Crawl Stone Soup version 0.20.1-1-g8b1a95d (webtiles) character file.

84 Monsterracer the Cudgeler (level 4, -5/35 HPs)
             Began as a Human Monk on Oct 19, 2017.
             Killed by divine providence
             ... invoked by an orc priest
              (13 damage)
             ... on level 3 of the Dungeon.
             The game lasted 00:03:46 (3220 turns).

Monsterracer the Cudgeler (Human Monk)              Turns: 3220, Time: 00:03:46

Health: -5/35      AC:  5    Str: 12    XL:     4   Next: 72%
Magic:  0/4        EV: 12    Int: 11    God:
Gold:   136        SH:  0    Dex: 17    Spells: 3/3 levels left

rFire    . . .     SeeInvis .   a - +0 mace
rCold    . . .     Gourm    .   (no shield)
rNeg     . . .     Faith    .   o - +0 ring mail
rPois    .         Spirit   +   (no helmet)
rElec    .         Reflect  .   (no cloak)
rCorr    .         Harm     .   (no gloves)
MR       .....                  (no boots)
Stlth    +.........             h - amulet of guardian spirit
Regen    0.2/turn               j - +2 ring of dexterity
MPRegen  0.1/turn               (no ring)

@: no status effects
A: no striking features
a: no special abilities


You were on level 3 of the Dungeon.
You were not hungry.

You visited 1 branch of the dungeon, and saw 3 of its levels.

You collected 136 gold pieces.

Inventory:

Hand Weapons
 a - a +0 mace (weapon)
Armour
 o - a +0 ring mail (worn)
Jewellery
 h - an amulet of guardian spirit (around neck)
 j - a +2 ring of dexterity (left hand)
Scrolls
 b - 3 scrolls of remove curse {unknown}
 f - a scroll of fog {unknown}
 i - a scroll of recharging {unknown}
 k - 2 scrolls of noise {unknown}
 l - 4 scrolls of identify {unknown}
 m - 2 scrolls of enchant weapon {unknown}
 p - a scroll of immolation {unknown}
 q - a scroll of random uselessness {unknown}
 s - a scroll of teleportation {unknown}
Potions
 d - a potion of flight {unknown}
 e - 2 potions of curing {unknown}
Comestibles
 c - 5 bread rations
 g - a royal jelly
 n - a meat ration
 r - 4 fruits


   Skills:
 + Level 3.5 Fighting
 * Level 4.2 Maces & Flails
 + Level 3.6 Dodging
 - Level 2.0 Stealth


You had 3 spell levels left.
You didn't know any spells.

Dungeon Overview and Level Annotations

Branches:
Dungeon (3/15)

Altars:
Fedhas
Hepliaklqana


Message History

The orc hits you with a mace.
* * * LOW HITPOINT WARNING * * *
The orc priest looks braver for a moment.
Unknown command.
Found a pair of boots.
The bat misses you. The orc priest misses you. The bat closely misses you.
The bat completely misses you.
The orc priest hits you but does no damage.
The bat hits you but does no damage. The bat hits you but does no damage.
The orc priest looks encouraged for a moment.
The bat hits you but does no damage. The bat barely misses you.
The rat bites you but does no damage.
There is a stone staircase leading up here.
The bat barely misses you. The bat closely misses you.
The orc priest calls upon Beogh to heal the orc.
The orc is healed somewhat.
The rat closely misses you.
You climb upwards.
There is a stone staircase leading down here.
You hit the bat.
You kill the bat!
The rat bites you.
* * * LOW HITPOINT WARNING * * *
Damage: -2%(-1hp) hp: 38%(13hp) Unknown command.
You hit the rat.
You kill the rat!
You see here a rat corpse.
There is a stone staircase leading down here.
There is a stone staircase leading down here.
You start resting.
A frilled lizard comes into view.
The frilled lizard hisses angrily.
The frilled lizard bites you.
Damage: -3%(-1hp) hp: 66%(23hp)
You hit the frilled lizard but do no damage.
The frilled lizard barely misses you.
You thump the frilled lizard!
You kill the frilled lizard!
You see here a frilled lizard corpse.
There is a stone staircase leading up here.
There is a stone staircase leading down here.
You start resting.
You start resting.
HP restored.
You climb downwards.
The orc hits you but does no damage. The orc priest hits you with a war axe.
There is a stone staircase leading up here.
Damage: -2%(-1hp) hp: 98%(34hp)
You hit the orc priest.
The orc priest is lightly wounded.
The orc hits you but does no damage.
The orc priest looks encouraged for a moment.
You hit the orc priest but do no damage.
The orc priest is lightly wounded.
The orc closely misses you. The orc priest barely misses you.
You hit the orc priest.
The orc priest is moderately wounded.
The orc misses you.
The orc priest hits you but does no damage.
You barely miss the orc priest.
The orc priest is moderately wounded.
The orc hits you with a mace. The orc priest closely misses you.
You hit the orc priest but do no damage.
The orc priest is moderately wounded.
The orc closely misses you. The orc priest hits you with a war axe!
Huge Dmg: -20%(-7hp) hp: 78%(27hp)
You completely miss the orc priest.
The orc priest is moderately wounded.
The orc hits you with a mace! The orc priest barely misses you.
Damage: -15%(-5hp) hp: 63%(22hp)
You hit the orc priest.
The orc priest is heavily wounded.
The orc hits you with a mace. The orc priest barely misses you.
Damage: -11%(-4hp) hp: 52%(18hp) Unknown command.
You hit the orc priest.
The orc priest is severely wounded.
The orc hits you with a mace.
* * * LOW HITPOINT WARNING * * *
The orc priest barely misses you.
Damage: -3%(-1hp) hp: 49%(17hp) Unknown command.
You hit the orc priest but do no damage.
The orc priest is severely wounded.
The orc barely misses you.
The orc priest invokes the aid of Beogh against you.
Beogh smites you!
* * * LOW MAGIC WARNING * * *
* * * LOW HITPOINT WARNING * * *
Huge Dmg: -26%(-9hp) hp: 23%(8hp)
You closely miss the orc priest.
The orc priest is severely wounded.
The orc barely misses you. The orc priest misses you.
You hit the orc priest but do no damage.
The orc priest is severely wounded.
The orc barely misses you.
The orc priest mumbles some strange prayers to Beogh against you.
Beogh smites you!
You die...

#.#.#..... #.#.......
#........# #........#
#........# #
#........# #.
#........# #..
#..@o#######...#####
#.o........#...#....
#?.........#...#....
#..........#...#....
#.....)....#...#....
#...)#######...#####
##.##.# #...# +.....#
#...#
##.##.#######...#####


You could see an orc priest and an orc.

Vanquished Creatures
  3 adders (D:2)
  An ooze (D:3)
  2 leopard geckos (D:2)
  An orc (D:3)
  2 bats (D:2)
  4 giant cockroaches
  6 goblins
  A hobgoblin (D:2)
  4 jackals (D:2)
  10 kobolds
  A quokka (D:2)
  A ball python (D:2)
  3 frilled lizards
  8 rats
47 creatures vanquished.

Notes
Turn   | Place    | Note
-------+----------+-------------------------------------------
     0 | D:1      | Monsterracer the Human Monk began the quest for the Orb.
     0 | D:1      | Reached XP level 1. HP: 18/18 MP: 1/1
    80 | D:1      | HP: 9/18 [kobold (3)]
    85 | D:1      | HP: 8/18 [kobold (2)]
    89 | D:1      | HP: 3/18 [goblin/club (5)]
   443 | D:1      | Reached XP level 2. HP: 24/24 MP: 2/2
  1084 | D:2      | Reached XP level 3. HP: 21/29 MP: 0/3
  1238 | D:2      | HP: 14/29 [poisoned by an adder]
  1243 | D:2      | HP: 13/29 [poisoned by an adder]
  1250 | D:2      | HP: 11/29 [poisoned by an adder]
  1258 | D:2      | HP: 10/29 [poisoned by an adder]
  1787 | D:2      | Reached XP level 4. HP: 35/35 MP: 4/4
  1820 | D:2      | Found a hazy altar of Hepliaklqana.
  1822 | D:2      | Found a blossoming altar of Fedhas.
  1947 | D:2      | HP: 17/35 [jackal (2)]
  1954 | D:2      | HP: 16/35 [jackal (2)]
  2195 | D:2      | Reached skill level 4 in Maces & Flails
  2989 | D:3      | HP: 13/35 [orc priest/war axe (5)]
  3002 | D:2      | HP: 13/35 [rat (1)]
  3217 | D:3      | HP: 17/35 [orc/mace (1)]
  3218 | D:3      | HP: 8/35 [orc priest/divine providence (9)]
  3220 | D:3      | Killed from afar by an orc priest

Skill      XL: |  1  2  3  4 |
---------------+-------------+-----
Maces & Flails | 4 |  4.2
Fighting       | |  3.5
Dodging        | |  3.6
Stealth        | |  2.0

Action                   |  1- 3 |  4- 6 || total
-------------------------+-------+-------++-------
Melee: Mace              |    78 |   114 ||   192
 Stab: Sleeping          |     4 |     1 ||     5
       Distracted        |       |     1 ||     1
  Eat: Chunk             |     3 |     4 ||     7
Armor: Robe              |     1 |       ||     1
       Leather armour    |     6 |       ||     6
       Ring mail         |     4 |    43 ||    47
Dodge: Dodged            |    46 |    97 ||   143

Vault maps used:
D:1:      dpeg_arrival_snail
D:2:      minitemple, first_bread, minmay_vboxes
D:3:      serial_co_window_serial, co_window_paths_b, co_window_paths_b,
          co_window_paths_b, co_window_paths_a, co_window_paths_b,
          co_window_broadway_a, co_window_corner_b, co_window_unsneaky_path_b,
          co_window_unsneaky_path_e, co_window_unsneaky_path_c,
          co_window_corner_cb, kennysheep_generic_room_8
